 Dungeon Crawl Stone Soup version 0.28.0 (webtiles) character file.

Game seed: 16527653386939101320

31 HallandMoats the Shield-Bearer (level 3, 29/29 HPs)
             Began as a Formicid Fighter on Feb 7, 2022.
             Was a Follower of Kikubaaqudgha.
             Got out of the dungeon alive.
             The game lasted 00:01:54 (1410 turns).

HallandMoats the Shield-Bearer (Formicid Fighter)   Turns: 1410, Time: 00:01:54

Health: 29/29      AC:  4    Str: 20    XL:     3   Next: 40%
Magic:  3/3        EV: 11    Int:  7    God:    Kikubaaqudgha [*.....]
Gold:   29         SH: 10    Dex: 12    Spells: 2/2 levels left

rFire   . . .      SeeInvis +   a - +0 war axe
rCold   . . .      Faith    .   c - +0 buckler
rNeg    . . .      Spirit   .   f - +1 leather armour {Will+}
rPois   .          Reflect  +   (helmet unavailable)
rElec   .          Harm     .   (no cloak)
rCorr   .          Rampage  .   (no gloves)
Will    +....                   (no boots)
Stlth   +.........              b - amulet of reflection
HPRegen 0.09/turn               (no ring)
MPRegen 0.08/turn               (no ring)

@: no status effects
A: permanent stasis, dig shafts and tunnels, antennae 3, four strong arms
a: Dig, Shaft Self, Renounce Religion, Receive Corpses


You escaped.
You worshipped Kikubaaqudgha.
Kikubaaqudgha was aware of your devotion.
You visited 1 branch of the dungeon, and saw 1 of its levels.

You collected 53 gold pieces.
You spent 24 gold pieces at shops.

Inventory:

Hand Weapons
 a - a +0 war axe (weapon)
Armour
 c - a +0 buckler (worn)
 f - a +1 leather armour of willpower (worn)
Jewellery
 b - an amulet of reflection (around neck)
Potions
 d - a potion of might
 e - a potion of magic {unknown}


   Skills:
 + Level 3.6 Fighting
 + Level 2.3 Axes
 + Level 3.5 Armour
 + Level 0.9 Dodging
 + Level 4.0 Shields


You had 2 spell levels left.
You didn't know any spells.
Your spell library contained the following spells:

 Spells                   Type           Power      Damage    Failure   Level
 Animate Skeleton         Necr           0%         N/A       54%         1
 Apportation              Tloc           0%         N/A       54%         1
 Corpse Rot               Necr/Air       0%         N/A       69%         2
 Poisonous Vapours        Pois/Air       0%         N/A       69%         2
 Vampiric Draining        Necr           0%         2d6       89%         3
 Agony                    Necr           0%         N/A       100%        5
 Alistair's Intoxication  Tmut/Pois      0%         N/A       100%        5


Dungeon Overview and Level Annotations

Branches:
Dungeon (1/15)

Altars:
Kikubaaqudgha

Shops:
D:1 *


Innate Abilities, Weirdness & Mutations

You cannot be hasted, slowed, berserked, paralysed or teleported.
You can dig through walls and to a lower floor.
You have a pair of large antennae on your head. (SInv)
Your four strong arms can wield two-handed weapons with a shield.


Message History

Key pressed, stopping explore.
Key pressed, stopping explore.
You see here a hobgoblin skeleton.
Key pressed, stopping explore.
There is a stone staircase leading down here.
A ball python comes into view.
The ball python hisses angrily.
A ball python is nearby!
You slash the ball python!
You kill the ball python!
Your Shields skill increases to level 4!
No target in view!
No target in view!
No target in view!
No target in view!
No target in view!
No target in view!
No target in view!
No target in view!
No target in view!
No target in view!
No target in view!
No target in view!
Search for what [? for help]? altar
There is a stone staircase leading down here.
There is a faded altar of an unknown god here.
You cannot tell which god this altar belongs to.
Convert to them anyway?
Kikubaaqudgha accepts your prayer! Kikubaaqudgha welcomes you!
You can now receive cadavers from Kikubaaqudgha.
Kikubaaqudgha grants you a gift!
You add the spells Animate Skeleton, Vampiric Draining and Agony to your library.
(D) Dungeon
Where to? (Enter - D:1 @ (x,y), ? - help)
What level of the Dungeon? (default 1, ? - help) As you open the door, it creaks loudly!
There is an open door here.
There is a staircase leading out of the dungeon here.
Are you sure you want to leave the Dungeon?
This will make you lose the game!
You have escaped!

#.#)##.# #..# #..#.......
####.#.##.# ####'#### #..#..#####
........#.###PP#.#PP###..#..#####
..........##P.P#.#≈≈P##..........
.........##P...#.#≈≈≈P##.#..#####
.........#PP...#.#≈≈≈≈P#.#..#
.........#PP...#.#≈≈≈≈P#.#..#
.........#######.#######.#..#
.........+......@......+.#..#
################.#######.#..# #
#P≈≈≈≈#.#...PP#....# #
#P≈≈≈≈#.#..P.P####.#
###########P≈≈≈#.#P.PP##.##.#
..........##P≈≈#.#.PP###.##.#
.....####.###PP#.#PP####.##.#####
####.####.######'####............
.......................#.########


There were no monsters in sight!

Vanquished Creatures
  3 ball pythons (D:1)
  3 endoplasms (D:1)
  3 giant cockroaches (D:1)
  2 goblins (D:1)
  2 hobgoblins (D:1)
  2 jackals (D:1)
  2 kobolds (D:1)
  3 quokkas (D:1)
  2 bats (D:1)
  A frilled lizard (D:1)
  3 rats (D:1)
26 creatures vanquished.

Notes
Turn   | Place    | Note
-------+----------+-------------------------------------------
     0 | D:1      | HallandMoats the Formicid Fighter began the quest for the
                  | Orb.
     0 | D:1      | Reached XP level 1. HP: 18/18 MP: 1/1
   155 | D:1      | Reached XP level 2. HP: 24/24 MP: 2/2
   611 | D:1      | Reached XP level 3. HP: 28/29 MP: 3/3
   766 | D:1      | Found Ushrat's Assorted Antiques.
   769 | D:1      | Bought a scroll labelled PIVEUG SYMOPRO for 24 gold pieces
   970 | D:1      | Found a faded altar of an unknown god.
  1341 | D:1      | Reached skill level 4 in Shields
  1389 | D:1      | Prayed at the altar of an unknown god.
  1389 | D:1      | Became a worshipper of Kikubaaqudgha
  1389 | D:1      | Reached * piety under Kikubaaqudgha
  1389 | D:1      | Received a gift from Kikubaaqudgha
  1410 | D:$      | Got out of the dungeon alive.

Illustrated notes

Levels and vault maps discovered:
D:1:      psy_arrival_terrarium, layout_basic, ebering_ecumenical_altar_hall,
          serial_shops, nicolae_shop_window_shopping

Skill      XL: |  1  2  3 |
---------------+----------+-----
Shields        | 4 |  4.0
Fighting       | |  3.6
Axes           | |  2.3
Armour         | |  3.5
Dodging        | |  0.9

Action                   || total
-------------------------++-------
Melee: War axe           ||    75
  Use: Scroll            ||     2
Armor: Scale mail        ||     8
       Leather armour    ||    15
Dodge: Dodged            ||    38
Block: Buckler           ||    32
